[Event "Titled Tuesday Blitz August 1 Early 2023"]
[White "Tristan, Leonardo"]
[Black "Baskakov, Egor"]
[WhiteFideId "113816"]
[BlackFideId "24197866"]
[WhiteElo "2810"]
[BlackElo "2944"]
[Result "1/2-1/2"]
[Round "10"]
[TimeControl "180+1"]
[Date "2023.08.01"]
[WhiteClock "0:00:05"]
[BlackClock "0:00:07"]
[Board "6"]

1. d4 Nf6 2. Nf3 e6 3. Bf4 d5 4. e3 Be7 5. Nbd2 Ne4 6. Nxe4 dxe4 7. Nd2 f5 8. g4 O-O 9. gxf5 exf5 10. h4 Be6 11. h5 Bd6 12. Bxd6 cxd6 13. h6 g6 14. c4 d5 15. cxd5 Bxd5 16. Bc4 f4 17. Qb3 Bxc4 18. Qxc4+ Kh8 19. Nxe4 fxe3 20. fxe3 Nd7 21. d5 Nf6 22. Qc3 Rc8 23. Qd4 Qxd5 24. Qxd5 Nxd5 25. Rh3 Rce8 26. Nd6 Re6 27. Nxb7 Nxe3 28. Nc5 Nc2+ 29. Kd1 Ne3+ 30. Kd2 Rc6 31. Rxe3 Rxc5 32. Re7 a5 33. Rae1 Rh5 34. Ra7 Rxh6 35. Ree7 Rh2+ 36. Kc3 Rc8+ 37. Kd4 Rb8 38. a3 Rh4+ 39. Kd5 Rh5+ 40. Ke6 Rb6+ 41. Kf7 Rf5+ 42. Ke8 Rb8+ 43. Kd7 Rbf8 44. Ke6 R8f6+ 45. Kd7 Rf7 46. Ke8 Rxe7+ 47. Kxe7 Kg7 48. Ke6+ Kh6 49. b4 axb4 50. axb4 Rb5 51. Ra4 Kg5 52. Kd6 h5 53. Kc6 Rb8 54. b5 h4 55. b6 h3 56. Kc7 Rxb6 57. Kxb6 Kf5 58. Rh4 g5 59. Rxh3 g4 60. Ra3 Kf4 61. Kc5 g3 62. Kd4 g2 63. Ra1 Kf3 64. Ke5 Kf2 65. Kf4 g1=Q 66. Ra2+ Kf1 67. Ra1+ Kg2 68. Rxg1+ Kxg1 1/2-1/2


[Site "https://www.chess.com"]

[Event "Titled Tuesday Blitz August 1 Early 2023"]
[White "Harsh Suresh"]
[Black "Naroditsky, Daniel"]
[WhiteFideId "45018464"]
[BlackFideId "2026961"]
[WhiteElo "2898"]
[BlackElo "3094"]
[Result "0-1"]
[Round "10"]
[TimeControl "180+1"]
[Date "2023.08.01"]
[WhiteClock "0:00:09"]
[BlackClock "0:00:07"]
[Board "7"]

1. d4 Nf6 2. c4 g6 3. g3 Bg7 4. Bg2 O-O 5. Nc3 d6 6. Nf3 Nbd7 7. O-O e5 8. dxe5 dxe5 9. Bg5 h6 10. Bxf6 Qxf6 11. Nd2 c6 12. Nde4 Qe6 13. Nd6 Rd8 14. Nxc8 Raxc8 15. b3 e4 16. Qc2 f5 17. Rad1 Qe5 18. Nb1 Nc5 19. h4 h5 20. Qc1 Kf7 21. Rfe1 a5 22. Bf1 e3 23. f4 Qe7 24. Bg2 Ne6 25. Na3 Qc5 26. Nc2 Rd2 27. Bf3 Rcd8 28. Kg2 Bb2 29. Qb1 Bc3 30. Rf1 Nd4 31. Nxd4 Qxd4 32. Rc1 Rb2 33. Rcd1 Rxb1 34. Rxd4 Rxf1 35. Rxd8 Rf2+ 36. Kg1 Rxf3 37. Rd3 Rxg3+ 38. Kh2 Be1 39. Rd1 Bf2 40. Rd7+ Ke6 41. Rxb7 Rg4 42. Rc7 Kd6 43. Ra7 Rxh4+ 44. Kg2 Rg4+ 45. Kh2 Rxf4 46. Rxa5 g5 47. Ra8 Rh4+ 48. Kg2 g4 49. a4 f4 50. a5 f3+ 51. exf3 g3 52. Re8 Rh2+ 53. Kf1 g2+ 54. Ke2 g1=Q 55. Rd8+ Kc7 56. Rd1 Bg3+ 57. Kd3 Qxd1+ 58. Kxe3 Qd2+ 59. Ke4 Re2+ 60. Kf5 Qf4+ 61. Kg6 Re6+ 62. Kg7 Qf6+ 63. Kg8 Re8+ 64. Kh7 Rh8# 0-1


[Site "https://www.chess.com"]

[Event "Titled Tuesday Blitz August 1 Early 2023"]
[White "Aronian, Levon"]
[Black "Dau Khuong Duy"]
[WhiteFideId "13300474"]
[BlackFideId "12424722"]
[WhiteElo "3072"]
[BlackElo "2886"]
[Result "1-0"]
[Round "10"]
[TimeControl "180+1"]
[Date "2023.08.01"]
[WhiteClock "0:02:14"]
[BlackClock "0:00:13"]
[Board "8"]

1. e4 c5 2. Nf3 d6 3. c3 Nf6 4. Be2 g6 5. O-O Bg7 6. d3 O-O 7. Be3 Nc6 8. Nbd2 b6 9. d4 cxd4 10. cxd4 Ng4 11. Bg5 h6 12. Bh4 g5 13. Bg3 Nf6 14. d5 Nb8 15. h4 g4 16. Nh2 h5 17. f3 gxf3 18. Nhxf3 Nbd7 19. Nd4 Nc5 20. Nc6 Qe8 21. Rf4 e5 22. Rxf6 Bxf6 23. b4 Nd7 24. Bxh5 Bg7 25. Nc4 Nf6 26. Nxd6 Qd7 27. Nf5 Re8 28. Nxe5 Rxe5 29. Bxe5 Qe8 30. Bxf6 Bxf6 31. Bxf7+ Qxf7 32. Nh6+ Kg7 33. Nxf7 Bxa1 34. Qxa1+ Kxf7 35. e5 Bf5 36. e6+ Bxe6 37. dxe6+ Kxe6 38. h5 Re8 39. h6 Re7 40. Qe1+ Kd7 41. Qxe7+ Kxe7 42. h7 Kd6 43. h8=Q Kc6 44. Qc3+ Kb7 45. g4 Kb8 46. g5 Kb7 47. g6 Ka6 48. g7 1-0


[Site "https://www.chess.com"]

[Event "Titled Tuesday Blitz August 1 Early 2023"]
[White "Bortnyk, Olexandr"]
[Black "Khubukshanov, Erdem"]
[WhiteFideId "14120828"]
[BlackFideId "54114527"]
[WhiteElo "3071"]
[BlackElo "2879"]
[Result "1/2-1/2"]
[Round "10"]
[TimeControl "180+1"]
[Date "2023.08.01"]
[WhiteClock "0:00:04"]
[BlackClock "0:00:07"]
[Board "9"]

1. d4 Nf6 2. Nc3 d5 3. Bf4 a6 4. e3 b5 5. a3 h6 6. Nf3 Bb7 7. Ne5 e6 8. b4 Nbd7 9. Qf3 Bd6 10. Bd3 Qe7 11. g4 Rb8 12. Ne2 Ne4 13. Nxd7 Qxd7 14. Bxe4 dxe4 15. Qg3 Be7 16. h4 Ra8 17. h5 a5 18. O-O Bd5 19. Nc3 Bc6 20. Bxc7 axb4 21. axb4 Rxa1 22. Rxa1 Bxb4 23. Nxb5 O-O 24. Bd6 Bxd6 25. Nxd6 Rd8 26. Nc4 f6 27. Rb1 Bb5 28. Nd2 e5 29. Nxe4 exd4 30. exd4 Bc6 31. Re1 Qxd4 32. Qc7 Ba8 33. c3 Qd5 34. Qe7 Rf8 35. Kh2 f5 36. c4 Qc6 37. gxf5 Rxf5 38. Qh4 Qc7+ 39. Kg1 Qe5 40. Re3 Qa1+ 41. Kh2 Qa5 42. c5 Bxe4 43. Rxe4 Qxc5 44. Kg2 Rg5+ 45. Rg4 Qd5+ 46. f3 Rxh5 47. Qe7 Qd2+ 48. Kf1 Qd1+ 49. Kf2 Qd2+ 50. Kg1 Rg5 51. Qe8+ Kh7 52. Qe4+ Kg8 53. Qe8+ Kh7 54. Qe4+ Kg8 55. Qe8+ 1/2-1/2


[Site "https://www.chess.com"]

[Event "Titled Tuesday Blitz August 1 Early 2023"]
[White "Pranesh M"]
[Black "Shtembuliak, Evgeny"]
[WhiteFideId "35028600"]
[BlackFideId "14113325"]
[WhiteElo "3061"]
[BlackElo "2864"]
[Result "1-0"]
[Round "10"]
[TimeControl "180+1"]
[Date "2023.08.01"]
[WhiteClock "0:02:02"]
[BlackClock "0:00:34"]
[Board "10"]

1. e4 g6 2. d4 d6 3. Nc3 Bg7 4. Be3 a6 5. Qd2 b5 6. f3 Nd7 7. h4 h5 8. Nh3 Bb7 9. a4 b4 10. Ne2 c5 11. Ng5 Ngf6 12. dxc5 dxc5 13. Nf4 O-O 14. Rd1 Qc7 15. Bc4 Ne5 16. Qe2 Qa5 17. b3 Rad8 18. O-O Nh7 19. Rxd8 Rxd8 20. Nxf7 Nxf7 21. Bxf7+ Kxf7 22. Qc4+ Ke8 23. Qg8+ Nf8 24. Qxg7 c4 25. Nxg6 Nxg6 26. Qxg6+ Kd7 27. Bb6 1-0


[Site "https://www.chess.com"]

[Event "Titled Tuesday Blitz August 1 Early 2023"]
[White "Pranav, V"]
[Black "Kovalenko, Igor"]
[WhiteFideId "25060783"]
[BlackFideId "14117908"]
[WhiteElo "3011"]
[BlackElo "2866"]
[Result "1-0"]
[Round "10"]
[TimeControl "180+1"]
[Date "2023.08.01"]
[WhiteClock "0:00:05"]
[BlackClock "0:00:00"]
[Board "11"]

1. e4 c5 2. Nf3 e6 3. d4 cxd4 4. Nxd4 Nf6 5. Nc3 Nc6 6. a3 d6 7. Bg5 Be7 8. Nxc6 bxc6 9. Bd3 h6 10. Bh4 Rb8 11. b3 Qa5 12. b4 Qe5 13. Ne2 Nh5 14. Bxe7 Kxe7 15. O-O g5 16. c3 Nf4 17. Nd4 Bd7 18. Re1 c5 19. Nf3 Qxc3 20. Bf1 Rhc8 21. Re3 Qf6 22. e5 dxe5 23. Nxe5 Be8 24. g3 Nd5 25. Re1 Kf8 26. Bg2 Nc3 27. Qd2 Nb5 28. a4 Nd4 29. bxc5 Nb3 30. Qd6+ Qe7 31. Rad1 Nxc5 32. Qd4 f6 33. Ng4 Kg7 34. Ne3 Qf8 35. h4 Rd8 36. Qc4 Rxd1 37. Rxd1 Qe7 38. Re1 Qf8 39. Qd4 a5 40. Rc1 Nxa4 41. Rc7+ Bf7 42. Qxa4 Rb1+ 43. Kh2 Rb2 44. Ng4 Rb4 45. Qd1 gxh4 46. Ne3 hxg3+ 47. fxg3 1-0


[Site "https://www.chess.com"]

[Event "Titled Tuesday Blitz August 1 Early 2023"]
[White "Kazakouski, Valery"]
[Black "Kramnik, Vladimir"]
[WhiteFideId "13507443"]
[BlackFideId "4101588"]
[WhiteElo "2857"]
[BlackElo "2980"]
[Result "1-0"]
[Round "10"]
[TimeControl "180+1"]
[Date "2023.08.01"]
[WhiteClock "0:00:08"]
[BlackClock "0:00:00"]
[Board "12"]

1. Nf3 Nf6 2. c4 c5 3. b3 Nc6 4. Bb2 d5 5. cxd5 Nxd5 6. Nc3 e5 7. Nxd5 Qxd5 8. e3 e4 9. Bc4 Qf5 10. Nh4 Qg5 11. g3 Bd6 12. Qc2 Qe7 13. Bxg7 Rg8 14. Bc3 Rg5 15. f3 exf3 16. Nxf3 Rg6 17. Nh4 Bg4 18. Nxg6 hxg6 19. Rf1 f5 20. Be2 Bxe2 21. Kxe2 O-O-O 22. Rf2 Kb8 23. Kf1 Ne5 24. Bxe5 Bxe5 25. Re1 Qd6 26. Qc4 Rh8 27. Rc1 b6 28. d4 cxd4 29. exd4 Bg7 30. Kg2 Rd8 31. Re2 Qd7 32. Qc6 g5 33. Qxd7 Rxd7 34. Rf1 Rd5 35. Ref2 Rxd4 36. Rxf5 g4 37. R5f4 Rd2+ 38. R1f2 Rd1 39. Rxg4 Bd4 40. Rf8+ Kb7 41. Re4 Rd2+ 42. Kh3 Bc5 43. Rf1 Rxa2 44. b4 Bd6 45. Rd1 Kc6 46. Re6 1-0


[Site "https://www.chess.com"]

[Event "Titled Tuesday Blitz August 1 Early 2023"]
[White "Mitrabha, Guha"]
[Black "Movahed, Sina"]
[WhiteFideId "5057000"]
[BlackFideId "42520835"]
[WhiteElo "2851"]
[BlackElo "2952"]
[Result "0-1"]
[Round "10"]
[TimeControl "180+1"]
[Date "2023.08.01"]
[WhiteClock "0:00:06"]
[BlackClock "0:00:58"]
[Board "13"]

1. c4 Nf6 2. Nc3 g6 3. g3 Bg7 4. Bg2 O-O 5. Nf3 d6 6. O-O e5 7. d3 Re8 8. Bg5 Nbd7 9. Rb1 h6 10. Bxf6 Nxf6 11. Nd2 c6 12. b4 a6 13. a4 d5 14. b5 axb5 15. axb5 Be6 16. bxc6 bxc6 17. Qc2 h5 18. Na4 Nd7 19. Rb7 Qa5 20. Nc3 e4 21. cxd5 cxd5 22. Nb5 Rec8 23. Qd1 Qa6 24. dxe4 Qxb7 25. Nd6 Qc6 26. Nxc8 Rxc8 27. exd5 Bxd5 28. Nf3 Qb7 29. Qa4 Ne5 30. Nh4 Rc4 31. Qe8+ Kh7 32. f4 Ng4 33. f5 Bd4+ 34. Kh1 Bxg2+ 35. Nxg2 Nf2+ 36. Kg1 g5 37. h4 Ne4+ 38. e3 Bf6 39. hxg5 Nxg5 40. Nf4 Rc2 41. Qa4 Nh3+ 0-1


[Site "https://www.chess.com"]

[Event "Titled Tuesday Blitz August 1 Early 2023"]
[White "Zhigalko, Sergei"]
[Black "Agibileg, Uurtsaikh"]
[WhiteFideId "13502956"]
[BlackFideId "4901606"]
[WhiteElo "2902"]
[BlackElo "2719"]
[Result "1-0"]
[Round "10"]
[TimeControl "180+1"]
[Date "2023.08.01"]
[WhiteClock "0:00:32"]
[BlackClock "0:00:01"]
[Board "14"]

1. e4 c5 2. Nf3 e6 3. c3 Nf6 4. e5 Nd5 5. Bc4 d6 6. d4 cxd4 7. cxd4 Be7 8. O-O O-O 9. Bd2 b6 10. Qe2 Bb7 11. Nc3 Nxc3 12. Bxc3 dxe5 13. dxe5 Nd7 14. Nd4 Qc8 15. Rfe1 Nc5 16. Qg4 Kh8 17. Nb5 a6 18. Nd6 Qc6 19. Re3 Bxd6 20. exd6 f6 21. Rg3 Qd7 22. Re1 e5 23. Qh5 Be4 24. b4 g6 25. Qh6 Na4 26. Rxe4 Nxc3 27. Rxc3 Qxd6 28. Rd3 Qxb4 29. Rd7 Qb1+ 30. Bf1 1-0


[Site "https://www.chess.com"]

[Event "Titled Tuesday Blitz August 1 Early 2023"]
[White "Kaczur, Florian"]
[Black "Makarian, Rudik"]
[WhiteFideId "705098"]
[BlackFideId "44105681"]
[WhiteElo "2791"]
[BlackElo "3009"]
[Result "0-1"]
[Round "10"]
[TimeControl "180+1"]
[Date "2023.08.01"]
[WhiteClock "0:01:04"]
[BlackClock "0:01:34"]
[Board "15"]

1. b3 d5 2. Bb2 Bg4 3. f3 Bd7 4. e4 Nf6 5. Qe2 e6 6. exd5 Nxd5 7. Nc3 Nxc3 8. Bxc3 Nc6 9. Qe3 e5 10. Bb5 Bd6 11. Bxc6 Bxc6 12. Bxe5 O-O 13. Bxd6 Qxd6 14. O-O-O Rfe8 15. Qc3 a5 16. Nh3 a4 17. b4 a3 18. Qc5 Qf6 19. c3 Ba4 20. Rde1 Qg6 21. Re4 Rxe4 22. d3 Qxg2 23. Nf2 Re2 24. Qa5 Rc2+ 25. Kb1 Rb2+ 26. Ka1 Rxa5 0-1


[Site "https://www.chess.com"]

[Event "Titled Tuesday Blitz August 1 Early 2023"]
[White "Sarana, Alexey"]
[Black "Rahman, Masruri"]
[WhiteFideId "24133795"]
[BlackFideId "7101163"]
[WhiteElo "3084"]
[BlackElo "2791"]
[Result "1-0"]
[Round "10"]
[TimeControl "180+1"]
[Date "2023.08.01"]
[WhiteClock "0:00:18"]
[BlackClock "0:00:01"]
[Board "16"]

1. d4 e6 2. c4 Nf6 3. Nc3 Bb4 4. e3 O-O 5. Bd3 b6 6. e4 Bb7 7. Bg5 h6 8. h4 Be7 9. e5 Nh7 10. Qh5 Nxg5 11. hxg5 Bxg5 12. Ne4 Bxe4 13. Bxe4 Nc6 14. Nf3 f5 15. exf6 Qxf6 16. Rd1 Bf4 17. g3 Bd6 18. Rh4 Rae8 19. Rg4 Ne7 20. c5 Nf5 21. cxd6 cxd6 22. Kf1 Qe7 23. Rf4 Nxg3+ 24. fxg3 d5 25. Bg6 Rxf4 26. gxf4 Rf8 27. Qg4 Qb4 28. Rd2 Qc4+ 29. Kf2 Qc7 30. Ne5 Qc1 31. Ke2 Kh8 32. Bd3 d6 33. Ng6+ Kg8 34. Qxe6+ 1-0


[Site "https://www.chess.com"]

[Event "Titled Tuesday Blitz August 1 Early 2023"]
[White "Bok, Benjamin"]
[Black "Ning, Kaiyu"]
[WhiteFideId "1017063"]
[BlackFideId "8614750"]
[WhiteElo "2951"]
[BlackElo "2773"]
[Result "1-0"]
[Round "10"]
[TimeControl "180+1"]
[Date "2023.08.01"]
[WhiteClock "0:02:57"]
[BlackClock "0:00:46"]
[Board "17"]

1. d4 Nf6 2. c4 e6 3. Nc3 Bb4 4. Qc2 d5 5. a3 Bxc3+ 6. Qxc3 O-O 7. Bg5 c5 8. dxc5 d4 9. Qf3 Nbd7 10. e3 h6 11. Bxf6 Nxf6 12. O-O-O e5 13. Ne2 Bg4 14. Qg3 d3 15. f3 Rc8 16. Nc3 e4 17. fxg4 Rxc5 18. h4 Rxc4 19. g5 Rxc3+ 20. bxc3 Qa5 21. Kd2 Rb8 22. gxf6 1-0


[Site "https://www.chess.com"]

[Event "Titled Tuesday Blitz August 1 Early 2023"]
[White "Cherniaiev, Tykhon"]
[Black "Zemlyanskii, Ivan"]
[WhiteFideId "14182360"]
[BlackFideId "24249971"]
[WhiteElo "2763"]
[BlackElo "2931"]
[Result "1-0"]
[Round "10"]
[TimeControl "180+1"]
[Date "2023.08.01"]
[WhiteClock "0:01:04"]
[BlackClock "0:00:11"]
[Board "18"]

1. Nf3 d5 2. d4 Nf6 3. c4 e6 4. Nc3 c5 5. cxd5 Nxd5 6. e4 Nxc3 7. bxc3 cxd4 8. cxd4 Bb4+ 9. Bd2 Bxd2+ 10. Qxd2 O-O 11. Bc4 Nd7 12. O-O b6 13. d5 Nf6 14. dxe6 Bxe6 15. Bxe6 fxe6 16. Qe2 Qe7 17. Rfd1 Rfd8 18. h3 Rac8 19. Rac1 Rxc1 20. Rxc1 h6 21. Qc4 Kh7 22. Nd4 Re8 23. Qd3 Kg8 24. e5 Nd5 25. Qg6 Qf7 26. Qxf7+ Kxf7 27. Nb5 Re7 28. Nd6+ Kg6 29. Rc8 h5 30. Kh2 h4 31. Rh8 Kg5 32. g3 hxg3+ 33. Kxg3 Rc7 34. h4+ Kg6 35. Kg4 Nf6+ 36. exf6 gxf6 37. h5+ Kg7 38. Ne8+ Kxh8 39. Nxc7 1-0


[Site "https://www.chess.com"]

[Event "Titled Tuesday Blitz August 1 Early 2023"]
[White "Idani, Pouya"]
[Black "Galchenko, Matvey"]
[WhiteFideId "12510130"]
[BlackFideId "24175480"]
[WhiteElo "2762"]
[BlackElo "2886"]
[Result "1-0"]
[Round "10"]
[TimeControl "180+1"]
[Date "2023.08.01"]
[WhiteClock "0:00:14"]
[BlackClock "0:00:03"]
[Board "19"]

1. e4 e6 2. d4 d5 3. e5 c5 4. c3 Qb6 5. Nf3 Nc6 6. a3 Nh6 7. Bd3 cxd4 8. O-O Bd7 9. b4 Rc8 10. b5 Na5 11. cxd4 Nc4 12. a4 Nf5 13. Bxf5 exf5 14. Nc3 Be6 15. Qd3 h6 16. h4 Bb4 17. Ne2 O-O 18. Ng3 Na5 19. Bd2 Bxd2 20. Nxd2 Rc7 21. Rac1 Rfc8 22. Rxc7 Qxc7 23. Nb3 Nxb3 24. Qxb3 Qc4 25. Qd1 f4 26. Nh5 f3 27. Qxf3 Qxd4 28. Qg3 g6 29. Nf6+ Kg7 30. h5 Rc3 31. Qh2 g5 32. Ne8+ Kf8 33. Nd6 Qxa4 34. f4 Qd4+ 35. Kh1 Qd3 36. Qg1 gxf4 37. Rf3 Qd2 38. Rxc3 Qxc3 39. Qxa7 Qe1+ 40. Kh2 Qxe5 41. Qb8+ Ke7 42. Qe8+ Kxd6 43. Qb8+ 1-0


[Site "https://www.chess.com"]

[Event "Titled Tuesday Blitz August 1 Early 2023"]
[White "Khachiyan, Melikset"]
[Black "Harshavardhan G B"]
[WhiteFideId "13300512"]
[BlackFideId "25059009"]
[WhiteElo "2740"]
[BlackElo "2871"]
[Result "0-1"]
[Round "10"]
[TimeControl "180+1"]
[Date "2023.08.01"]
[WhiteClock "0:00:08"]
[BlackClock "0:01:08"]
[Board "20"]

1. e4 e5 2. Nf3 Nc6 3. Bc4 Nf6 4. d3 Be7 5. O-O O-O 6. Re1 d6 7. c3 Kh8 8. Nbd2 Ng8 9. d4 f5 10. dxe5 dxe5 11. exf5 Bxf5 12. Nf1 Qxd1 13. Rxd1 Bg4 14. Be2 e4 15. Nd4 Bxe2 16. Nxe2 Ne5 17. Nfg3 Nf6 18. Bg5 Neg4 19. h3 Nxf2 20. Kxf2 Nh5+ 21. Ke1 Nxg3 22. Bxe7 Rf1+ 23. Kd2 Rf2 24. Re1 Rxg2 25. Bh4 Nf5 26. Rf1 Nxh4 27. Rf4 e3+ 28. Kxe3 Re8+ 29. Kd3 Rgxe2 30. Rxh4 Rxb2 31. Rf1 Kg8 32. Rd4 Rb6 33. Rf5 Rd6 34. Rxd6 cxd6 35. Rb5 b6 36. a4 Kf7 37. Kd4 Kf6 38. a5 Re5 39. Rxe5 dxe5+ 40. Kd5 bxa5 41. c4 a4 42. c5 a3 43. c6 Ke7 0-1


[Site "https://www.chess.com"]

[Event "Titled Tuesday Blitz August 1 Early 2023"]
[White "Timofeev, Artyom"]
[Black "Vakhlamov, Igor L."]
[WhiteFideId "4140419"]
[BlackFideId "24126748"]
[WhiteElo "2854"]
[BlackElo "2739"]
[Result "1/2-1/2"]
[Round "10"]
[TimeControl "180+1"]
[Date "2023.08.01"]
[WhiteClock "0:00:31"]
[BlackClock "0:00:19"]
[Board "21"]

1. c4 e6 2. Nf3 d5 3. b3 Nf6 4. Bb2 c5 5. e3 Nc6 6. Be2 Be7 7. O-O O-O 8. cxd5 exd5 9. d4 Ne4 10. Nbd2 Bf6 11. Ne5 cxd4 12. Nxc6 bxc6 13. Nxe4 dxe4 14. Bxd4 Bxd4 15. Qxd4 Qxd4 16. exd4 Be6 17. Rac1 Rfd8 18. Rfd1 Bd5 19. f3 exf3 20. Bxf3 Bxf3 21. gxf3 Rd6 22. Kf2 g6 23. Rc4 Rad8 24. Ke3 Kg7 25. Rdc1 R8d7 26. b4 h5 27. h4 Re7+ 28. Kf2 Red7 29. Ke3 Re7+ 30. Kf2 Rd5 31. Re1 Rb7 32. Re5 Rbb5 33. f4 a5 34. bxa5 Rxa5 35. a4 Ra6 36. Ke3 Rd7 37. a5 Rda7 38. Ra4 Rb7 39. f5 Rb3+ 40. Kf2 Rh3 41. fxg6 fxg6 42. d5 cxd5 43. Rxd5 Rf6+ 44. Ke2 Re6+ 45. Kf2 Rf6+ 46. Ke2 Re6+ 47. Kf2 Rf6+ 1/2-1/2


[Site "https://www.chess.com"]

[Event "Titled Tuesday Blitz August 1 Early 2023"]
[White "Ter-Sahakyan, Samvel"]
[Black "Javakhadze, Zurab"]
[WhiteFideId "13302531"]
[BlackFideId "13603647"]
[WhiteElo "2842"]
[BlackElo "2739"]
[Result "1-0"]
[Round "10"]
[TimeControl "180+1"]
[Date "2023.08.01"]
[WhiteClock "0:00:07"]
[BlackClock "0:00:00"]
[Board "22"]

1. d4 d5 2. c4 e6 3. Nf3 Nf6 4. Nc3 Be7 5. Bf4 O-O 6. e3 Nbd7 7. c5 c6 8. Bd3 Nh5 9. O-O Nxf4 10. exf4 b6 11. b4 a5 12. a3 Ba6 13. Bxa6 Rxa6 14. Qd3 Qa8 15. Rab1 axb4 16. axb4 Ra3 17. Rfc1 Qb7 18. g3 Rfa8 19. Qc2 bxc5 20. bxc5 Qa6 21. Kg2 Bd8 22. Qe2 Qa5 23. Nd1 g6 24. Ne3 Qa4 25. Ng4 Nf6 26. Nxf6+ Bxf6 27. Rd1 Qc4 28. Qxc4 dxc4 29. Rbc1 R8a4 30. Rc2 c3 31. Rd3 Rc4 32. h4 h5 33. Kf1 Raa4 34. Rcxc3 Rxc3 35. Rxc3 Bxd4 36. Rc2 Bf6 37. Ke2 Be7 38. Ne5 1-0


[Site "https://www.chess.com"]

[Event "Titled Tuesday Blitz August 1 Early 2023"]
[White "Bauman_Guy"]
[Black "Skvortsov, Andrei"]
[BlackFideId "24108600"]
[WhiteElo "2796"]
[BlackElo "2734"]
[Result "1-0"]
[Round "10"]
[TimeControl "180+1"]
[Date "2023.08.01"]
[WhiteClock "0:00:40"]
[BlackClock "0:00:08"]
[Board "23"]

1. e4 d5 2. exd5 Qxd5 3. Nc3 Qe5+ 4. Be2 Bg4 5. d4 Bxe2 6. Ngxe2 Qa5 7. d5 c6 8. b4 Qxb4 9. Rb1 Qc4 10. Rxb7 Nf6 11. Rc7 Nxd5 12. Nxd5 Qxd5 13. O-O Na6 14. Rb7 Nc5 15. Rc7 Ne6 16. Rb7 Nd8 17. Rb3 e6 18. Be3 Be7 19. Nf4 Qa5 20. Qg4 O-O 21. Rd1 f5 22. Qg3 Qc7 23. Rbd3 Bf6 24. Rd7 Qb8 25. h4 Nf7 26. Bc5 Re8 27. Qe3 e5 28. Nh5 Bxh4 29. Qh3 Bg5 30. Qxf5 Rf8 31. Bxf8 Qxf8 32. Rxf7 Qxf7 33. Qxg5 Rf8 34. f3 Qxa2 35. Qxg7# 1-0


[Site "https://www.chess.com"]

[Event "Titled Tuesday Blitz August 1 Early 2023"]
[White "Remizov, Yaroslav"]
[Black "Koellner, Ruben Gideon"]
[WhiteFideId "34134015"]
[BlackFideId "12993093"]
[WhiteElo "2794"]
[BlackElo "2732"]
[Result "1-0"]
[Round "10"]
[TimeControl "180+1"]
[Date "2023.08.01"]
[WhiteClock "0:00:09"]
[BlackClock "0:00:00"]
[Board "24"]

1. e4 d6 2. d4 Nf6 3. Nc3 e5 4. Nf3 Nbd7 5. Bc4 Be7 6. a4 c6 7. O-O h6 8. h3 Qc7 9. Re1 Nf8 10. d5 g5 11. a5 Ng6 12. a6 b5 13. Bf1 b4 14. Ne2 Nxe4 15. dxc6 O-O 16. Ned4 Nxf2 17. Kxf2 exd4 18. Nxd4 d5 19. Kg1 Bc5 20. Be3 Qg3 21. Bf2 Qf4 22. g3 Qf6 23. Bg2 Be6 24. Qd2 Ne5 25. Rf1 Nc4 26. Qd3 Nxb2 27. Qd2 Nc4 28. Qd1 Rae8 29. Nxe6 Bxf2+ 30. Rxf2 Qxe6 31. Bxd5 Qxh3 32. Bxc4 Qxg3+ 33. Rg2 Qe3+ 34. Kh1 Qh3+ 35. Rh2 Qe3 36. Bd5 Rd8 37. Qf3 Qe5 38. Rd1 Rd6 39. Rf2 Kg7 40. Qf5 1-0


[Site "https://www.chess.com"]

[Event "Titled Tuesday Blitz August 1 Early 2023"]
[White "Materia, Marco"]
[Black "Ashraf, Artin"]
[WhiteFideId "45150451"]
[BlackFideId "22514805"]
[WhiteElo "2710"]
[BlackElo "2844"]
[Result "1-0"]
[Round "10"]
[TimeControl "180+1"]
[Date "2023.08.01"]
[WhiteClock "0:01:47"]
[BlackClock "0:00:08"]
[Board "25"]

1. d4 Nf6 2. c4 g6 3. Nc3 Bg7 4. Nf3 O-O 5. Bg5 d6 6. e3 Nbd7 7. Qc2 e5 8. Rd1 Qe7 9. Nd5 Qd8 10. dxe5 dxe5 11. Nxe5 Nxe5 12. Nxf6+ Bxf6 13. Rxd8 Bxd8 14. Bh6 Re8 15. Be2 Bf5 16. Qb3 Be4 17. O-O Bf6 18. f3 Bc6 19. Rd1 Nd7 20. e4 a5 21. Be3 b6 22. Bd4 Nc5 23. Qe3 Be7 24. h4 Ne6 25. Kh2 Nxd4 26. Qxd4 Bxh4 27. e5 Be7 28. Qf4 Kg7 29. c5 bxc5 30. Bc4 Rf8 31. e6 f6 32. Qxc7 1-0


[Site "https://www.chess.com"]

[Event "Titled Tuesday Blitz August 1 Early 2023"]
[White "Rustemov, Alexander"]
[Black "Rosen, Eric"]
[WhiteFideId "4119002"]
[BlackFideId "2032562"]
[WhiteElo "2841"]
[BlackElo "2699"]
[Result "1-0"]
[Round "10"]
[TimeControl "180+1"]
[Date "2023.08.01"]
[WhiteClock "0:00:16"]
[BlackClock "0:00:00"]
[Board "26"]

1. d4 d5 2. c4 e6 3. Nc3 Nf6 4. cxd5 exd5 5. Bg5 c6 6. e3 Bd6 7. Bd3 h6 8. Bh4 O-O 9. Qc2 Re8 10. Nge2 a5 11. a3 Na6 12. Bg3 Bxg3 13. Nxg3 Nc7 14. O-O h5 15. Nge2 h4 16. h3 Ne6 17. Bf5 g6 18. Bxe6 Bxe6 19. Nf4 Bf5 20. Qd2 Kg7 21. Rae1 Qd6 22. Nd3 a4 23. Ne5 Nd7 24. f4 f6 25. Nf3 Rh8 26. Kh2 Nb6 27. Qf2 Nc4 28. Nxh4 Bd3 29. Rg1 g5 30. Nf3 gxf4 31. exf4 Qxf4+ 32. Qg3+ Qxg3+ 33. Kxg3 Kf7 34. Nd1 Rae8 35. Kf2 Nd6 36. Nc3 b5 37. Rxe8 Rxe8 38. Re1 Be4 39. Nd2 f5 40. g3 Rh8 41. h4 Kf6 42. Na2 Rc8 43. Nb4 c5 44. dxc5 Rxc5 45. Nf3 Nc4 46. Re2 Rc8 47. Nd4 Ne5 48. Re1 Rc4 49. Rd1 Ng4+ 50. Ke2 Rc5 51. Na6 Rc8 52. Nxb5 Ne5 53. Nd4 Ra8 54. Nb4 Rg8 55. Rg1 Nc4 56. Nd3 Bxd3+ 57. Kxd3 Nxb2+ 58. Kc3 Nc4 59. Kb4 Rb8+ 60. Kxa4 Ke5 61. Nc6+ Kd6 62. Nxb8 Kc5 63. Nd7+ Kd6 64. Nf6 d4 65. Kb4 Ne3 66. Nh5 1-0


[Site "https://www.chess.com"]

[Event "Titled Tuesday Blitz August 1 Early 2023"]
[White "Harvey, Marcus R"]
[Black "Ovetchkin, Roman"]
[WhiteFideId "400092"]
[BlackFideId "4119991"]
[WhiteElo "2805"]
[BlackElo "2654"]
[Result "1-0"]
[Round "10"]
[TimeControl "180+1"]
[Date "2023.08.01"]
[WhiteClock "0:00:50"]
[BlackClock "0:00:01"]
[Board "27"]

1. d4 Nf6 2. c4 c5 3. d5 b5 4. cxb5 a6 5. e3 g6 6. Nc3 Bg7 7. a4 O-O 8. e4 e6 9. Be3 exd5 10. exd5 Re8 11. Be2 axb5 12. Bxb5 Ne4 13. Nge2 Na6 14. O-O Nd6 15. Qd2 Rb8 16. Bf4 Rb6 17. Ng3 Nb4 18. Rfe1 Ba6 19. Rxe8+ Qxe8 20. Re1 Qd8 21. Bxd6 Rxd6 22. Nge4 Bxc3 23. Qxc3 Nxd5 24. Qe5 Re6 25. Qxd5 Bxb5 26. axb5 Qe7 27. Re3 Kg7 28. Qxc5 1-0


[Site "https://www.chess.com"]

[Event "Titled Tuesday Blitz August 1 Early 2023"]
[White "Lamaze, Simon"]
[Black "Iskusnyh, Sergei"]
[WhiteFideId "36069264"]
[BlackFideId "4120027"]
[WhiteElo "2792"]
[BlackElo "2651"]
[Result "1-0"]
[Round "10"]
[TimeControl "180+1"]
[Date "2023.08.01"]
[WhiteClock "0:01:50"]
[BlackClock "0:00:06"]
[Board "28"]

1. c4 e5 2. g3 c6 3. d4 e4 4. d5 Bb4+ 5. Bd2 Qe7 6. Nc3 Nf6 7. Nh3 O-O 8. a3 Bxc3 9. Bxc3 cxd5 10. Nf4 dxc4 11. g4 e3 12. f3 Nxg4 13. h4 Nf2 14. Qd4 f6 15. Rg1 Nc6 16. Qxc4+ Kh8 17. Nd5 Qd6 18. Nxe3 b5 19. Qd5 Qf4 20. Kxf2 Qxh4+ 21. Rg3 Bb7 22. Qxd7 Rg8 23. Qxb7 Ne5 24. Bxe5 fxe5 25. Qe4 Qh2+ 26. Bg2 Qh6 27. Rh1 1-0


[Site "https://www.chess.com"]